 Dungeon Crawl Stone Soup version 0.16.0-11-gd45b091 (webtiles) character file.

489455 Chiseanne the Slayer (level 25, -4/149 HPs)
             Began as a Vine Stalker Monk on Mar 16, 2015.
             Was the Champion of Makhleb.
             Slain by a water elemental (9 damage)
             ... on level 4 of the Shoals on Mar 17, 2015.
             The game lasted 04:25:24 (47522 turns).

Chiseanne the Slayer (Vine Stalker Monk)           Turns: 47522, Time: 04:25:24

Health: -4/149     AC: 38    Str: 24    XL:     25   Next: 30%
Magic:  0/25       EV: 22    Int: 13    God:    Makhleb [******]
Gold:   6917       SH: 37    Dex: 39    Spells: 1 memorised, 23 levels left

rFire  + . .     SeeInvis .       - Unarmed
rCold  . . .     Clarity  .     K - +11 plate armour of Distant Worlds {rElec rCorr}
rNeg   + + .     SustAb   .     N - +18 shield of the gong {rElec rN+ MR+ EV-5}
rPois  +         Gourm    .     X - -2 hat of Loss {Dex+4 Slay+5}
rElec  +         Spirit   +     c - +2 cloak {rPois}
rCorr  +         Warding  .     R - +2 pair of fencer's gloves {EV+3 Dex+6 Slay+2}
rMut   .         Stasis   .     Z - +2 pair of boots {Stlth+}
MR     ++++.                    M - amulet of the Air {Inacc +Fly rElec EV+5 RMsl}
Stlth  ..........               x - ring of protection from fire
                                l - ring of Blazimal {rN+ Str+4 Int+3 Dex+6}

@: repel missiles, incredibly resistant to hostile enchantments, extremely
unstealthy
A: fangs 3, regeneration 3, magic shield, antimagic bite, no device heal 3, rot
immunity
a: Minor Destruction, Lesser Servant of Makhleb, Major Destruction, Greater
Servant of Makhleb, Renounce Religion, Evoke Flight
}: 1/15 runes: gossamer


You were on level 4 of the Shoals.
You worshipped Makhleb.
Makhleb was exalted by your worship.
You were hungry.

You visited 10 branches of the dungeon, and saw 52 of its levels.
You also visited: Labyrinth.

You collected 9864 gold pieces.
You spent 2947 gold pieces at shops.

Inventory:

Missiles
 o - 5 throwing nets (quivered)
Armour
 c - a +2 cloak of poison resistance (worn)
 K - the +11 plate armour of Distant Worlds (worn) {rElec rCorr}
   (You acquired it on level 6 of the Lair of Beasts)

   It insulates you from electricity.
   It protects you from acid and corrosion.
 N - the +18 shield of the gong (worn) {rElec rN+ MR+ EV-5}
   (You found it in a labyrinth)

   It affects your evasion (-5).
   It insulates you from electricity.
   It protects you from negative energy.
   It affects your resistance to hostile enchantments.
 R - the +2 pair of fencer's gloves (worn) {EV+3 Dex+6 Slay+2}
   (You bought it in a shop on level 4 of the Orcish Mines)

   It affects your evasion (+3).
   It affects your dexterity (+6).
   It affects your accuracy and damage with ranged weapons and melee attacks
   (+2).
 X - the -2 hat of Loss (worn) {Dex+4 Slay+5}
   (You found it on level 8 of the Lair of Beasts)

   It affects your dexterity (+4).
   It affects your accuracy and damage with ranged weapons and melee attacks
   (+5).
 Z - a +2 pair of boots of stealth (worn)
Jewellery
 l - the ring of Blazimal (left hand) {rN+ Str+4 Int+3 Dex+6}
   (You found it on level 3 of the Crypt)

   [ring of positive energy]

   It affects your strength (+4).
   It affects your intelligence (+3).
   It affects your dexterity (+6).
   It protects you from negative energy.
 q - an uncursed ring of see invisible
 x - a ring of protection from fire (right hand)
 M - the amulet of the Air (around neck) {Inacc +Fly rElec EV+5 RMsl}
   (You found it on level 2 of the Depths)

   [amulet of inaccuracy]

   It reduces the accuracy of all your attacks.
   It affects your evasion (+5).
   It insulates you from electricity.
   It lets you fly.
   It protects you from missiles.
Magical devices
 h - a wand of invisibility (4)
 u - a wand of teleportation (1)
 y - a wand of digging (16)
 L - a wand of teleportation (2)
Scrolls
 a - 6 scrolls of blinking
 d - 21 scrolls of remove curse
 i - 15 scrolls of teleportation
 r - 32 scrolls of identify
 z - 7 scrolls of magic mapping
 A - a scroll of immolation
 C - 5 scrolls of fear
 F - a scroll of enchant armour
 J - 3 scrolls of summoning
 V - 3 scrolls of fog
Potions
 e - 4 potions of restore abilities
 f - 24 potions of curing
 j - 3 potions of haste
 m - a potion of might
 p - 4 potions of ambrosia
 s - 3 potions of invisibility
 t - 2 potions of agility
 v - 2 potions of magic
 w - a potion of resistance
 E - a potion of flight
 H - 3 potions of cancellation
 O - 5 potions of berserk rage
Miscellaneous
 n - a fan of gales
 B - a phial of floods (inert)
 D - a phantom mirror
 T - a lamp of fire (inert)
Comestibles
 b - 16 bread rations
 g - 20 meat rations
 k - a slice of pizza
 G - a beef jerky


   Skills:
 * Level 21.1 Fighting
 * Level 18.6 Armour
 - Level 10.5 Dodging
 - Level 2.4 Stealth
 * Level 19.5 Shields
 * Level 18.5 Unarmed Combat


You had 23 spell levels left.
You knew the following spells:

 Your Spells              Type           Power        Failure   Level  Hunger
a - Apportation           Tloc           #.........   99%         1    ##.....


Dungeon Overview and Level Annotations

Branches:
Dungeon (15/15)            Temple (1/1) D:5            Lair (8/8) D:10
 Shoals (4/5) Lair:5       Spider (5/5) Lair:6        Slime (0/6) Lair:6
    Orc (4/4) D:10            Elf (3/3) Orc:3        Vaults (4/5) D:14
  Crypt (3/3) Vaults:2       Tomb (0/3) Crypt:3      Depths (5/5) D:15
    Zot (0/5) Depths:5

Altars:
Ashenzari
Cheibriados
Dithmenos
Elyvilon
Fedhas
Gozag
Kikubaaqudgha
Makhleb
Nemelex Xobeh
Okawaru
Qazlal
Ru
Sif Muna
Trog
Vehumet
Xom
Yredelemnul
Zin
The Shining One
Beogh
Jiyva

Shops:
D:5 }*:   D:11 (}%%:   Orc:3 *   Orc:4 ?%[=(   Elf:2 }   Vaults:1 =
Vaults:2 }   Vaults:4 :   Depths:4 *[(

Portals:
Hell: Depths:1 Depths:2 Depths:3 Depths:4 Depths:5
Abyss: Depths:2 Depths:4 Depths:5
Pandemonium: Depths:3 Depths:5
Ziggurat: Depths:2

Annotations:
Shoals:4 Saint Roka
Elf:2 5 runed doors


Innate Abilities, Weirdness & Mutations

You have razor-sharp teeth.
You regenerate.
When hurt, damage is shared between your health and your magic reserves.
Your bite disrupts and absorbs the magic of your enemies.
Potions and wands cannot restore your health.
You are immune to rotting.


Message History

* * * LOW HITPOINT WARNING * * *
The troll barely misses you. The snapping turtle misses you.
The siren moves out of view.
You block the water elemental's attack.
BOUMMMMG!
The merfolk javelineer barely misses you.
The orc splashes around in the water.
The water elemental closely misses you.
The orc sorcerer gestures wildly while chanting.
The merfolk misses you. The merfolk barely misses you.
The merfolk aquamancer hits you but does no damage.
Saint Roka invokes the aid of Beogh against you.
Something smites you!
* * * LOW HITPOINT WARNING * * *
The snapping turtle completely misses you.
You block the troll's attack.
GONNNNG!
The troll closely misses you. x2
You block the merfolk's attack.
GONNNNG!
The water elemental hits you!
You die...

≈.# ..≈≈≈
≈≈≈...#..≈≈≈≈.# ≈≈≈≈≈..
..≈≈≈≈.# ≈≈≈≈≈≈.#
#..≈≈..### ≈≈≈≈(≈≈.#
#o.≈(≈.....
≈≈≈≈≈≈.3###o≈≈≈≈≈≈≈≈≈
≈≈≈...(HHomoo≈≈≈≈≈≈≈≈
≈≈≈≈≈..mEEmoo≈≈≈≈≈≈≈≈≈≈
≈..≈≈.Emmo@To(<(≈≈≈≈≈≈≈
.......#mmEm3≈..≈≈≈≈≈≈≈
#...E ##tmm≈≈≈≈≈≈≈≈≈≈
...≈ ##m.≈≈≈≈≈≈≈≈≈≈ .≈≈
##.≈≈≈≈≈≈≈≈≈≈ ≈
#..≈≈..≈≈≈≈ #..≈≈..≈≈≈
....P≈≈≈P ..≈≈≈≈


You could see Saint Roka, a merfolk javelineer, 2 merfolk aquamancers, a
snapping turtle, an ice devil, 8 merfolk, 4 water elementals, 2 harpies, a
troll, a chaos spawn, an orc sorcerer, 4 orc warriors, an orc priest (frenzied)
and 2 orcs.

Vanquished Creatures
  Mara (twice) (Crypt:3)
  An ancient lich (Crypt:3)
  Boris (Crypt:3)
  A caustic shrike (Depths:3)
  Mennas (Vaults:2)
  3 golden dragons
  A profane servitor (Crypt:3)
  A bone dragon (Crypt:3)
  Arachne (Spider:2)
  2 tentacled monstrosities
  2 liches
  A quicksilver dragon (Depths:4)
  A Shadow Fiend (Elf:3)
  2 deep elf master archers (Elf:3)
  Asterion (Spider:1)
  2 deep elf blademasters (Elf:3)
  3 sphinxes
  6 ancient champions
  The ghost of Blackbelt the Spry, a mighty DsGl of Okawaru (Vaults:2)
  The ghost of Pr0man the Peltast, a mighty DsWn of Okawaru (Shoals:3)
  Frances (Shoals:1)
  5 storm dragons
  3 shadow dragons
  A tengu reaver (Vaults:4)
  An azure jelly (shapeshifter) (Depths:2)
  A revenant (Crypt:3)
  6 vault wardens
  Wiglaf (Elf:2)
  A balrug (Elf:3)
  5 ghost moths
  8 fire giants
  Aizul (Elf:3)
  Louise (Elf:2)
  A draconian scorcher (Depths:5)
  10 frost giants
  2 curse skulls
  6 emperor scorpions
  8 deep elf sorcerers
  16 stone giants
  A draconian zealot (Depths:5)
  12 ironheart preservers
  4 ghouls
  3 war gargoyles (Depths:2)
  10 very ugly things
  2 spriggan defenders
  3 rakshasas
  A draconian annihilator (Depths:5)
  A Killer Klown zombie (Crypt:1)
  A Killer Klown skeleton (Crypt:2)
  5 vampire knights
  A black draconian (Depths:5)
  10 deep elf annihilators
  A pale draconian (Depths:5)
  A stone giant (shapeshifter) (Depths:2)
  5 lorocyprocas (Elf:3)
  2 dire elephants
  2 mottled draconians (Depths:5)
  2 white draconians (Depths:5)
  Azrael (Elf:1)
  A dire elephant (shapeshifter) (Depths:2)
  9 deep elf demonologists (Elf:3)
  3 eidola
  6 ettins
  An unborn (Crypt:3)
  10 crystal guardians
  9 deep elf death magi
  A green death (Elf:3)
  A blizzard demon (Elf:3)
  11 fire dragons
  21 jiangshi
  5 minotaurs
  14 yaktaur captains
  2 merfolk impalers
  9 vault guards
  7 ice dragons
  A deep elf high priest (Elf:3)
  4 large abominations
  2 great orbs of eyes
  14 centaur warriors
  Harold (Elf:1)
  11 ogre magi
  6 hydras
  A quicksilver dragon skeleton (Crypt:2)
  2 death cobs (Crypt:3)
  2 spriggan air magi
  A merfolk avatar (Shoals:2)
  Erica (Orc:4)
  A merfolk aquamancer (Shoals:2)
  9 death yaks
  5 deep troll earth magi
  3 death knights
  A hell beast (Elf:3)
  18 dancing weapons
  The ghost of Chiseanne the Grappler, a powerful VSMo of Trog (D:12)
  2 deep troll shamans
  6 spriggan berserkers
  A catoblepas (shapeshifter) (Depths:2)
  3 vampire magi
  Urug (Orc:4)
  2 titan zombies
  4 orc high priests
  3 sun demons
  3 soul eaters
  3 hell knights
  A titan skeleton (Crypt:2)
  3 spriggans (Depths:4)
  5 shadow wraiths (Crypt:3)
  45 skeletal warriors
  A fire crab (shapeshifter) (Depths:2)
  13 sea snakes
  12 deep elf knights
  3 unseen horrors
  A storm dragon skeleton (Vaults:4)
  An iron troll (Depths:4)
  7 giant orange brains
  6 deep elf summoners
  A sea snake (shapeshifter) (Depths:2)
  4 lindwurms (D:9)
  20 deep trolls
  Erolcha (Orc:1)
  A giant orange brain (shapeshifter) (Depths:2)
  An ice statue (Depths:2)
  20 orc knights
  A swamp dragon (shapeshifter) (Elf:1)
  3 obsidian statues
  10 flayed ghosts
  Pikel (D:5)
  12 hill giants
  4 ironbrand convokers
  A golden dragon skeleton (Crypt:1)
  19 harpies
  6 necromancers
  7 oklob plants (Lair:4)
  10 deep elf conjurers
  37 wolf spiders
  A spectral wolf spider (Crypt:3)
  8 griffons
  9 cyclopes
  2 wizards
  42 ugly things
  A sphinx skeleton (Depths:1)
  13 manticores
  2 frost giant zombies
  17 orb spiders
  A stone giant zombie (Depths:1)
  8 hornets
  10 orc sorcerers
  A draconian (shapeshifter) (Depths:5)
  An octopode (shapeshifter) (Depths:4)
  13 phantasmal warriors
  A water nymph (shapeshifter) (Depths:2)
  2 salamanders (Depths:1)
  A sixfirhy (Elf:3)
  27 elephants
  10 vault sentinels
  A manticore (shapeshifter) (Depths:2)
  A smoke demon (Orc:4)
  2 drowned souls (Shoals:3)
  An iron dragon skeleton (Crypt:2)
  3 sirens
  A fire giant skeleton (Depths:1)
  A rust devil (Depths:5)
  2 moths of wrath
  2 stone giant skeletons
  2 water nymphs
  3 small abominations (Elf:3)
  4 torpor snails
  4 centaur zombies
  7 black mambas
  3 gargoyles
  2 guardian serpents (Depths:4)
  A molten gargoyle (Depths:2)
  An orange crystal statue (Depths:2)
  19 spiny frogs
  4 komodo dragons
  A queen ant (shapeshifter) (Depths:4)
  A komodo dragon (shapeshifter) (Depths:2)
  A hellion (Elf:3)
  2 yellow draconian zombies (Crypt:1)
  An efreet (D:15)
  A spiny frog (shapeshifter) (Vaults:4)
  A yaktaur (shapeshifter) (Depths:3)
  A dire elephant skeleton (Depths:1)
  3 kobold demonologists
  A redback zombie (D:15)
  5 freezing wraiths
  13 demonic crawlers
  An iron troll zombie (Crypt:2)
  2 yaktaur skeletons
  2 tengu conjurers
  2 blue devils (Elf:3)
  10 wandering mushrooms
  44 yaktaurs
  A red draconian skeleton (Crypt:1)
  A pale draconian skeleton (Crypt:2)
  2 minotaur zombies (Depths:1)
  An anaconda simulacrum (Crypt:2)
  4 deep elf priests
  2 hellwings
  A yellow draconian skeleton (Crypt:2)
  A silent spectre (Crypt:1)
  2 red devils (Elf:3)
  A merfolk (shapeshifter) (Depths:4)
  A fire drake (Lair:5)
  6 trolls
  A queen bee (Spider:3)
  5 ravens
  A boulder beetle (shapeshifter) (Depths:2)
  40 blink frogs
  2 giant leeches (Lair:8)
  A jumping spider (shapeshifter) (D:12)
  20 two-headed ogres
  6 boulder beetles
  3 polar bears
  A snapping turtle (shapeshifter) (Depths:1)
  3 bog bodies (Crypt:1)
  22 jumping spiders
  33 slime creatures
  8 raiju (Depths:2)
  9 snapping turtles
  14 merfolk
  5 shadows
  A satyr zombie (Crypt:2)
  A wind drake (Shoals:2)
  2 fire dragon zombies (Crypt:3)
  2 raiju (shapeshifter)
  3 basilisks
  An alligator zombie (Crypt:2)
  57 flying skulls
  A ynoxinul (Orc:4)
  21 trapdoor spiders
  42 redbacks
  30 tarantellas
  3 ice dragon skeletons
  36 deep elf magi
  14 water elementals
  7 air elementals (Depths:2)
  16 wraiths
  2 fire dragon skeletons (Depths:1)
  37 deep elf fighters
  4 hungry ghosts
  Eustachio (D:7)
  2 wyverns
  16 fire elementals
  2 steam dragons
  40 yaks
  13 hippogriffs
  23 wolves
  3 vampires
  14 vampire mosquitoes
  A mottled dragon (D:12)
  An insubstantial wisp (Depths:2)
  Edmund (D:4)
  5 deep troll zombies
  A human zombie (Crypt:2)
  2 ogre zombies
  A black bear (D:10)
  6 wargs
  32 water moccasins
  4 hell hounds
  4 sky beasts
  A snapping turtle zombie (Crypt:2)
  13 porcupines
  A spiny frog zombie (Crypt:2)
  4 ice beasts
  41 ogres
  53 orc warriors
  A water nymph skeleton (Crypt:1)
  An elf zombie (Depths:1)
  28 spiders
  6 wasps
  12 boggarts
  The ghost of inmateoo the Insei, an average DsMo (D:3)
  8 necrophages
  2 boring beetles
  7 crocodiles
  A fire drake zombie (Crypt:1)
  2 eyes of draining
  Duvessa (D:9)
  An ogre (shapeshifter) (Depths:4)
  2 salamander zombies (Depths:1)
  2 big kobolds
  34 centaurs
  9 earth elementals (Depths:2)
  A wyvern zombie (D:12)
  A cyclops zombie (D:13)
  40 giant frogs
  A water moccasin zombie (Crypt:1)
  3 wyvern skeletons
  2 warg zombies (Vaults:3)
  4 scorpions
  2 oklob saplings (D:9)
  A yak zombie (D:13)
  24 killer bees
  4 goliath beetles
  4 electric eels
  17 wights
  5 jellies
  35 orc priests
  Dowan (D:9)
  9 crimson imps
  11 hounds
  3 giant frog zombies
  A giant frog skeleton (D:5)
  5 quasits
  Crazy Yiuf (D:2)
  6 centaur skeletons
  A gnoll shaman (D:9)
  A hell rat (Elf:2)
  15 worker ants
  38 orc wizards
  Natasha (D:6)
  12 iguanas
  A killer bee zombie (D:5)
  17 sheep
  Jessica (D:2)
  2 hound zombies
  2 mummies
  2 necrophage skeletons (Crypt:3)
  Terence (D:3)
  2 hound skeletons
  2 worker ant zombies
  11 gnolls
  Robin (D:2)
  61 river rats
  46 adders
  3 shadow imps
  A white imp (Vaults:2)
  3 worms
  A giant eyeball (shapeshifter) (Depths:2)
  5 ufetubi
  A sheep zombie (D:13)
  8 orc zombies
  7 giant geckos
  An ooze (D:5)
  196 orcs
  A bat skeleton (D:4)
  26 goblins
  23 hobgoblins
  19 jackals
  26 kobolds
  11 quokkas
  A ball python (D:7)
  13 bats
  4 giant cockroaches
  A giant gecko skeleton (D:7)
  A giant gecko zombie (D:6)
  2 giant newts (D:3)
  2 giant spores
  A jackal skeleton (D:6)
  A kobold zombie (Crypt:2)
  10 rats
  5 ballistomycetes
  A crawling corpse (Elf:3)
  5 fungi
  11 plants
2653 creatures vanquished.

Vanquished Creatures (collateral kills)
  A merfolk avatar (Shoals:3)
  A wolf spider (Spider:1)
  An orb spider (Spider:1)
  2 phantasmal warriors (Crypt:3)
  A hellwing (Orc:4)
  A redback (Spider:1)
  A spider (Spider:1)
  An ufetubus (Orc:4)
9 creatures vanquished.

Vanquished Creatures (others)
  A yaktaur captain (Depths:1)
  A centaur warrior (Depths:1)
  4 dancing weapons (Depths:2)
  A deep elf knight (Elf:2)
  A giant orange brain (Depths:2)
  12 ball lightnings (Depths:2)
  A hill giant (shapeshifter) (Depths:2)
  An ugly thing (Depths:2)
  A manticore (shapeshifter) (Depths:2)
  8 drowned souls
  An octopode (shapeshifter) (Depths:2)
  2 jumping spiders
  2 redbacks (Spider:1)
  4 air elementals
  3 water elementals
  A fire elemental (Elf:3)
  A deep elf fighter (Elf:2)
  An insubstantial wisp (Depths:2)
  5 centaurs
  11 lost souls
  A giant frog (D:13)
  An orc wizard (Orc:4)
  A hell rat (Elf:2)
  A worker ant (D:13)
  An orc (Orc:4)
  A hobgoblin (D:5)
  37 fungi
  33 plants
138 creatures vanquished.

Grand Total: 2800 creatures vanquished

Notes
Turn   | Place    | Note
--------------------------------------------------------------
     0 | D:1      | Chiseanne, the Vine Stalker Monk, began the quest for the Orb.
     0 | D:1      | Reached XP level 1. HP: 11/11 MP: 1/1
    68 | D:1      | Reached XP level 2. HP: 13/16 MP: 3/3
   917 | D:2      | Reached XP level 3. HP: 19/19 MP: 4/4
  1010 | D:2      | Noticed Jessica
  1065 | D:2      | Killed Jessica
  1118 | D:2      | Reached XP level 4. HP: 21/24 MP: 5/5
  1182 | D:2      | Reached skill level 5 in Unarmed Combat
  1263 | D:2      | Reached skill level 1 in Armour
  1296 | D:2      | Reached XP level 5. HP: 22/28 MP: 7/7
  1445 | D:2      | Noticed Crazy Yiuf
  1458 | D:2      | Killed Crazy Yiuf
  1494 | D:2      | Noticed Robin
  1517 | D:2      | Killed Robin
  1666 | D:3      | Noticed inmateoo's ghost (average DsMo)
  1679 | D:3      | Killed inmateoo's ghost
  1679 | D:3      | Gained mutation: You heal very quickly. [vine stalker growth]
  1679 | D:3      | Reached XP level 6. HP: 22/33 MP: 5/8
  1943 | D:3      | Found a glowing silver altar of Zin.
  2069 | D:3      | Noticed Terence
  2084 | D:3      | Killed Terence
  2142 | D:4      | Noticed Edmund
  2155 | D:4      | Killed Edmund
  2155 | D:4      | Reached skill level 6 in Unarmed Combat
  2155 | D:4      | Reached XP level 7. HP: 37/37 MP: 9/9
  2528 | D:4      | Found a glowing golden altar of the Shining One.
  2756 | D:5      | Entered Level 5 of the Dungeon
  2790 | D:5      | Gained mutation: You have razor-sharp teeth. [vine stalker growth]
  2790 | D:5      | Reached XP level 8. HP: 42/42 MP: 11/11
  2848 | D:5      | Noticed Pikel
  2865 | D:5      | Killed Pikel
  2865 | D:5      | Reached skill level 5 in Dodging
  2865 | D:5      | Reached skill level 7 in Unarmed Combat
  2916 | D:5      | Found a staircase to the Ecumenical Temple.
  2918 | D:5      | Found Bluebule's General Store.
  2936 | Temple   | Entered the Ecumenical Temple
  3046 | Temple   | Became a worshipper of Makhleb the Destroyer
  3046 | Temple   | Acquired Makhleb's first power
  3046 | Temple   | Acquired Makhleb's second power
  3067 | D:5      | Bought a potion of curing for 39 gold pieces
  3067 | D:5      | Bought a scroll of identify for 26 gold pieces
  3067 | D:5      | Bought a scroll of identify for 26 gold pieces
  3097 | D:5      | Reached skill level 5 in Fighting
  3173 | D:5      | Found Kiriq's Gadget Boutique.
  3391 | D:5      | Found Vappeop's Book Shop.
  3467 | D:6      | Noticed Natasha
  3478 | D:6      | Killed Natasha
  3868 | D:6      | Reached XP level 9. HP: 47/47 MP: 12/12
  4181 | D:6      | Reached skill level 8 in Unarmed Combat
  4391 | D:7      | Noticed Eustachio
  4401 | D:7      | Killed Eustachio
  4506 | D:7      | Acquired Makhleb's third power
  4566 | D:7      | HP: 1/47 [very large slime creature (21)]
  5446 | D:8      | Reached skill level 9 in Unarmed Combat
  5466 | D:8      | Reached XP level 10. HP: 53/53 MP: 13/13
  5856 | D:8      | Acquired Makhleb's fourth power
  6457 | D:9      | Noticed Duvessa
  6457 | D:9      | Noticed Dowan
  6467 | D:9      | Killed Dowan
  6473 | D:9      | Killed Duvessa
  6636 | D:9      | Reached skill level 5 in Armour
  6893 | D:9      | Acquired Makhleb's fifth power
  6896 | D:9      | Reached skill level 10 in Unarmed Combat
  6959 | D:9      | Found a blossoming altar of Fedhas.
  6966 | D:9      | Reached XP level 11. HP: 58/58 MP: 15/15
  7312 | D:9      | Noticed a lindwurm
  7312 | D:9      | Noticed a lindwurm
  7313 | D:9      | Noticed a lindwurm
  7314 | D:9      | Noticed a lindwurm
  7327 | D:9      | Killed a lindwurm
  7332 | D:9      | Killed a lindwurm
  7338 | D:9      | Killed a lindwurm
  7345 | D:9      | Killed a lindwurm
  7399 | D:10     | Entered Level 10 of the Dungeon
  7399 | D:10     | Noticed a hill giant
  7420 | D:10     | Killed a hill giant
  7420 | D:10     | Reached skill level 11 in Unarmed Combat
  7527 | D:10     | Found a staircase to the Orcish Mines.
  7613 | D:10     | Noticed a hill giant
  7625 | D:10     | Killed a hill giant
  7688 | D:10     | Found a staircase to the Lair.
  7755 | D:10     | Noticed a hill giant
  7761 | D:10     | Killed a hill giant
  7812 | D:10     | Noticed a hill giant
  7820 | D:10     | Killed a hill giant
  8095 | D:11     | Found Jaivid's Book Shop.
  8113 | D:11     | Found Coeg's Food Boutique.
  8124 | D:11     | Bought 2 fruits for 39 gold pieces
  8124 | D:11     | Bought a beef jerky for 19 gold pieces
  8124 | D:11     | Bought a beef jerky for 19 gold pieces
  8124 | D:11     | Bought a slice of pizza for 19 gold pieces
  8144 | D:11     | Found Kuqugi Ruha's Food Emporium.
  8186 | D:11     | Noticed a fire dragon
  8281 | Lair:1   | Entered Level 1 of the Lair of Beasts
  8292 | Lair:1   | Gained mutation: You regenerate. [vine stalker growth]
  8292 | Lair:1   | Reached XP level 12. HP: 47/65 MP: 10/16
  8573 | Lair:1   | Reached skill level 1 in Shields
  8776 | Lair:1   | Reached skill level 12 in Unarmed Combat
  8851 | Lair:1   | Got a crude robe
  8902 | Lair:1   | Identified the +0 robe "Cleng" {rPois MR+} (You found it on level 1 of the Lair of Beasts)
 10375 | Lair:3   | Reached skill level 10 in Dodging
 11593 | Lair:4   | Reached XP level 13. HP: 70/70 MP: 17/17
 11981 | Lair:5   | Found a labyrinth entrance.
 11998 | Lab      | Entered a labyrinth
 12209 | Lab      | Noticed a minotaur
 12229 | Lab      | Killed a minotaur
 12287 | Lab      | Got an encrusted long sword
 12288 | Lab      | Identified the cursed +2 long sword of the Hidden Wishes {slice, Noisy rPois rF+ Str+6} (You found it in a labyrinth)
 12304 | Lair:5   | Reached skill level 5 in Shields
 13128 | Lair:5   | Found a staircase to the Shoals.
 13292 | Lair:6   | Reached XP level 14. HP: 70/75 MP: 13/18
 13325 | Lair:6   | Reached skill level 10 in Shields
 13510 | Lair:6   | Found a hole to the Spider Nest.
 13591 | Lair:6   | Identified a scroll of acquirement
 13594 | Lair:6   | Got a translucent plate armour
 13613 | Lair:6   | Identified the +11 plate armour of Distant Worlds {rElec rCorr} (You acquired it on level 6 of the Lair of Beasts)
 13632 | Lair:6   | Found a viscous altar of Jiyva.
 13632 | Lair:6   | Found a staircase to the Slime Pits.
 14597 | Lair:7   | Got a wavering jade amulet
 14598 | Lair:7   | Identified the amulet "Chigor" {rMut rF+ rN+ MP+9 Str-5 Int+3} (You found it on level 7 of the Lair of Beasts)
 15144 | Lair:8   | Entered Level 8 of the Lair of Beasts
 15424 | Lair:8   | Reached skill level 10 in Armour
 15646 | Lair:8   | Reached XP level 15. HP: 79/79 MP: 19/19
 15927 | Lair:8   | Got a translucent hat
 15938 | Lair:8   | Identified the cursed -2 hat of Loss {Dex+4 Slay+5} (You found it on level 8 of the Lair of Beasts)
 16822 | D:11     | Killed a fire dragon
 16937 | D:11     | Noticed a hill giant
 16942 | D:11     | Killed a hill giant
 17188 | D:11     | Found Ybupsuw's Gadget Shoppe.
 17269 | D:11     | Found Pnaphaaw's Weapon Emporium.
 17435 | D:12     | Reached skill level 10 in Fighting
 17515 | D:12     | Noticed Chiseanne's ghost (powerful VSMo)
 17522 | D:12     | Killed Chiseanne's ghost
 17539 | D:12     | Found a roughly hewn altar of Beogh.
 19258 | D:14     | Reached XP level 16. HP: 88/88 MP: 20/20
 19302 | D:14     | Found a gate to the Vaults.
 20086 | D:15     | Entered Level 15 of the Dungeon
 20236 | D:15     | Found a staircase to the Depths.
 21281 | Orc:1    | Entered Level 1 of the Orcish Mines
 21287 | Orc:1    | Noticed Erolcha
 21296 | Orc:1    | Killed Erolcha
 22511 | Orc:3    | Found a staircase to the Elven Halls.
 22803 | Orc:3    | Found Graishamua's Assorted Antiques.
 22831 | Orc:3    | Bought a smoking robe for 114 gold pieces
 22842 | Orc:3    | Identified the cursed -2 robe of the Burgomaster {+Blink Slay+2} (You bought it in a shop on level 3 of the Orcish Mines)
 22911 | Orc:4    | Entered Level 4 of the Orcish Mines
 22911 | Orc:4    | Found Pitsux's Weapon Shoppe.
 22948 | Orc:4    | Noticed Erica
 22954 | Orc:4    | Killed Erica
 23013 | Orc:4    | Noticed Urug
 23029 | Orc:4    | Killed Urug
 23255 | Orc:4    | Found Camul's Armour Boutique.
 23255 | Orc:4    | Found Froasm's Food Boutique.
 23257 | Orc:4    | Found Smairiux's Magic Scroll Shoppe.
 23319 | Orc:4    | Found Wiclidi's Jewellery Shoppe.
 23335 | Orc:4    | Bought the +2 pair of fencer's gloves {EV+3 Dex+6 Slay+2} for 881 gold pieces
 23354 | Orc:4    | Bought a scroll of holy word for 105 gold pieces
 23354 | Orc:4    | Bought a scroll of identify for 28 gold pieces
 23354 | Orc:4    | Bought a scroll of identify for 28 gold pieces
 23354 | Orc:4    | Bought a scroll of identify for 28 gold pieces
 23361 | Orc:4    | Bought a scroll of blinking for 105 gold pieces
 23361 | Orc:4    | Bought a scroll of teleportation for 42 gold pieces
 23361 | Orc:4    | Bought a scroll of recharging for 133 gold pieces
 23361 | Orc:4    | Bought a scroll of magic mapping for 49 gold pieces
 23674 | Orc:4    | Reached skill level 13 in Fighting
 24056 | Spider:1 | Entered Level 1 of the Spider Nest
 24109 | Spider:1 | Noticed Asterion
 24123 | Spider:1 | Killed Asterion
 24310 | Spider:1 | Got an encrusted chain mail
 24380 | Spider:1 | Identified the cursed -1 chain mail of Wem Paptex {rPois} (You found it on level 1 of the Spider Nest)
 24767 | Spider:2 | Reached XP level 17. HP: 95/95 MP: 21/21
 24897 | Spider:2 | Noticed Arachne
 24936 | Spider:2 | Killed Arachne
 26722 | Spider:4 | Reached skill level 14 in Fighting
 27193 | Spider:5 | Entered Level 5 of the Spider Nest
 27681 | Spider:5 | Reached XP level 18. HP: 102/102 MP: 21/21
 27725 | Spider:5 | Got a gossamer rune of Zot
 28484 | Elf:1    | Entered Level 1 of the Elven Halls
 28987 | Elf:1    | Noticed Harold
 28993 | Elf:1    | Killed Harold
 29050 | Elf:1    | Noticed Azrael
 29057 | Elf:1    | Killed Azrael
 29642 | Elf:2    | Noticed Wiglaf
 29650 | Elf:2    | Noticed Louise
 29652 | Elf:2    | Killed Wiglaf
 29663 | Elf:2    | Killed Louise
 29921 | Elf:2    | Reached skill level 15 in Fighting
 29969 | Elf:2    | Found Ucoistya's Gadget Shoppe.
 29980 | Elf:2    | Bought a wand of heal wounds (5) for 594 gold pieces
 29980 | Elf:2    | Bought a wand of teleportation (2) for 198 gold pieces
 30119 | Elf:2    | Found a huge runed gate.
 30119 | Elf:2    | Found a huge runed gate.
 30119 | Elf:2    | Found a huge runed gate.
 30120 | Elf:2    | Found a huge runed gate.
 30120 | Elf:2    | Found a huge runed gate.
 30186 | Elf:3    | Entered Level 3 of the Elven Halls
 30359 | Elf:3    | Noticed a Brimstone Fiend
 30423 | Elf:3    | Reached XP level 19. HP: 108/108 MP: 22/22
 30457 | Elf:3    | Reached skill level 15 in Shields
 30698 | Elf:3    | Got a bound ivory ring
 30701 | Elf:3    | Identified the ring "Hynafom" {+Blink rC+} (You took it off a deep elf death mage on level 3 of the Elven Halls)
 31049 | Elf:3    | Found a deep blue altar of Sif Muna.
 31111 | Elf:3    | Noticed Aizul
 31120 | Elf:3    | Killed Aizul
 31763 | Vaults:1 | Entered Level 1 of the Vaults
 31819 | Vaults:1 | Found an iron altar of Okawaru.
 31909 | Vaults:1 | Reached skill level 15 in Armour
 32218 | Vaults:1 | Found Zaicuimo's Jewellery Emporium.
 32227 | Vaults:1 | Bought an uncursed ring of see invisible for 255 gold pieces
 32978 | Vaults:2 | Reached XP level 20. HP: 114/114 MP: 23/23
 33012 | Vaults:2 | Noticed Mennas
 33047 | Vaults:2 | Killed Mennas
 33047 | Vaults:2 | Reached skill level 16 in Shields
 33120 | Vaults:2 | Found a glowing silver altar of Zin.
 33380 | Vaults:2 | Noticed Blackbelt's ghost (mighty DsGl)
 33432 | Vaults:2 | Killed Blackbelt's ghost
 33517 | Vaults:2 | Found Mnompine's Gadget Shop.
 34055 | Vaults:2 | Found a staircase to the Crypt.
 35334 | Vaults:4 | Reached skill level 15 in Unarmed Combat
 35434 | Vaults:4 | Reached XP level 21. HP: 119/119 MP: 23/23
 35464 | Vaults:4 | Reached skill level 17 in Shields
 35857 | Vaults:4 | Identified the Disquisition on Attacks
 36088 | Vaults:4 | Found Agonucaz's Book Shop.
 36464 | Crypt:1  | Entered Level 1 of the Crypt
 38083 | Crypt:2  | Reached XP level 22. HP: 124/124 MP: 24/24
 38105 | Crypt:3  | Entered Level 3 of the Crypt
 38535 | Crypt:2  | Learned a level 1 spell: Apportation
 38906 | Crypt:3  | Found a basalt altar of Yredelemnul.
 38973 | Crypt:3  | Reached skill level 18 in Shields
 39018 | Crypt:3  | Noticed Boris
 39060 | Crypt:3  | Killed Boris
 39061 | Crypt:3  | Noticed Mara
 39067 | Crypt:3  | Noticed Chiseanne's illusion
 39078 | Crypt:3  | Killed Mara
 39083 | Crypt:3  | Killed Mara
 39241 | Crypt:3  | Noticed an ancient lich
 39256 | Crypt:3  | Killed an ancient lich
 39401 | Crypt:3  | Found a staircase to the Tomb.
 39438 | Crypt:3  | Identified a +6 rod of clouds (13/13) (You found it on level 3 of the Crypt)
 39613 | Crypt:3  | Got a twitching bone ring
 39619 | Crypt:3  | Got a pitted marble ring
 39621 | Crypt:3  | Identified the ring "Gushrycu" {rElec rN+ Str-3 Dex+5} (You found it on level 3 of the Crypt)
 39628 | Crypt:3  | Identified the ring of Shotaun {rElec rPois rN+ MR- Dex-3 Stlth+} (You found it on level 3 of the Crypt)
 39630 | Crypt:3  | Got a vibrating iron ring
 39636 | Crypt:3  | Identified the ring of Blazimal {rN+ Str+4 Int+3 Dex+6} (You found it on level 3 of the Crypt)
 40126 | Depths:1 | Entered Level 1 of the Depths
 40165 | Depths:1 | Reached XP level 23. HP: 134/134 MP: 25/25
 40234 | Depths:1 | Reached skill level 19 in Fighting
 40449 | Depths:1 | Reached skill level 20 in Fighting
 40635 | Depths:1 | Identified Kikubaaqudgha's Handbook of Stolen Souls (You found it on level 1 of the Depths)
 41151 | Depths:1 | Found a gateway to Hell.
 41624 | Depths:2 | Found a gateway to a ziggurat.
 41768 | Depths:2 | Found a one-way gate to the infinite horrors of the Abyss.
 41813 | Depths:2 | Got a slimy ring mail
 41824 | Depths:2 | Identified the +0 ring mail of the Imp {Stlth+} (You found it on level 2 of the Depths)
 42014 | Depths:2 | Got a crude pewter ring
 42016 | Depths:2 | Identified the ring of Trog's Favour {+cTele +Fly Dex+6} (You found it on level 2 of the Depths)
 42648 | Depths:3 | Found a one-way gate leading to the halls of Pandemonium.
 42881 | Depths:3 | Noticed a caustic shrike
 42891 | Depths:3 | Killed a caustic shrike
 42954 | Depths:3 | Reached XP level 24. HP: 132/143 MP: 25/25
 43886 | Depths:4 | Found an opulent altar of Gozag.
 43889 | Depths:4 | Found Gozag's Assorted Antiques.
 43891 | Depths:4 | Found Gozag's Antique Weapon Shop.
 43891 | Depths:4 | Found Gozag's Antique Armour Shop.
 43999 | Depths:4 | Bought a scroll of fog for 200 gold pieces
 44642 | Depths:4 | Got a pair of encrusted gloves
 44653 | Depths:4 | Identified the +2 pair of gloves of the Loofah {rN+} (You found it on level 4 of the Depths)
 44686 | Depths:5 | Entered Level 5 of the Depths
 44790 | Depths:5 | Found a gate to the Realm of Zot.
 45928 | Lair:1   | Upgraded the game from 0.16.0-8-gd9ae3a8 to 0.16.0-11-gd45b091
 46115 | Shoals:1 | Entered Level 1 of the Shoals
 46116 | Shoals:1 | Noticed Frances
 46128 | Shoals:1 | Reached XP level 25. HP: 149/149 MP: 25/25
 46136 | Shoals:1 | Killed Frances
 46136 | Shoals:1 | Reached skill level 21 in Fighting
 47074 | Shoals:3 | Noticed Pr0man's ghost (mighty DsWn)
 47095 | Shoals:3 | Killed Pr0man's ghost
 47498 | Shoals:4 | Noticed Saint Roka
 47522 | Shoals:4 | HP: 5/149 [Saint Roka/divine providence (13)]
 47522 | Shoals:4 | Slain by a water elemental

Action                   |  1- 3 |  4- 6 |  7- 9 | 10-12 | 13-15 | 16-18 | 19-21 | 22-24 | 25-27 || total
-------------------------+-------+-------+-------+-------+-------+-------+-------+-------+-------++-------
Melee: Unarmed           |    57 |   200 |   287 |   749 |  1273 |  1246 |  1470 |  1236 |   202 ||  6720
 Fire: Blowgun           |       |       |       |       |    10 |    26 |       |       |       ||    36
Throw: Tomahawk          |       |       |       |     2 |       |       |       |       |       ||     2
       Throwing net      |       |       |       |       |       |       |       |     1 |       ||     1
 Abil: Evoke Flight      |       |       |       |       |       |       |       |     3 |       ||     3
Evoke: Wand              |       |       |       |     1 |    13 |     8 |     1 |     3 |       ||    26
       Phial of floods   |       |       |       |       |       |     2 |       |     1 |     1 ||     4
       Fan of gales      |       |       |       |       |       |     2 |       |     1 |       ||     3
       Lamp of fire      |       |       |       |       |       |     1 |       |     1 |     1 ||     3
  Use: Scroll            |       |       |    12 |    26 |     8 |    10 |     2 |     7 |     1 ||    66
       Potion            |       |       |       |       |     1 |     3 |       |     6 |       ||    10
 Stab: Sleeping          |     1 |       |     4 |     7 |     2 |       |       |       |       ||    14
       Confused          |       |       |       |       |     2 |       |       |       |       ||     2
       Distracted        |       |       |       |       |       |     1 |       |       |       ||     1
       Held in net/web   |       |       |       |       |       |     1 |       |       |       ||     1
  Eat: Chunk             |     1 |     3 |    11 |    19 |     3 |    18 |     6 |     4 |     1 ||    66
       Pizza             |       |       |       |     1 |       |       |     1 |       |       ||     2
       Fruit             |       |       |       |       |    14 |    18 |     4 |       |       ||    36
       Royal jelly       |       |       |       |       |     2 |     4 |       |     2 |       ||     8
       Beef jerky        |       |       |       |       |     5 |     3 |     1 |     2 |       ||    11
       Bread ration      |       |       |       |       |       |       |     2 |     4 |       ||     6
       Meat ration       |       |       |       |       |       |       |     1 |       |       ||     1
